 Dungeon Crawl Stone Soup version 0.28-a0-1074-g3cb2360906 (webtiles) character file.

Game seed: 17235148023030636475

11170 EnegeticOcto the Merchant of Misery (level 11, 0/82 HPs)
             Began as a Spriggan Necromancer on Dec 9, 2021.
             Was a Believer of Kikubaaqudgha.
             Succumbed to a green death's poison arrow
             ... in a Gauntlet.
             The game lasted 00:43:11 (18093 turns).

EnegeticOcto the Merchant of Misery (SpNe)         Turns: 18093, Time: 00:43:11

Health: 0/82       AC:  6    Str:  4    XL:     11   Next: 45%
Magic:  21/21      EV: 22    Int: 18    God:    Kikubaaqudgha [**....]
Gold:   523        SH:  9    Dex: 23    Spells: 9/22 levels left

rFire   . . .      SeeInvis +   y - +4 dagger (elec)
rCold   . . .      Faith    .   t - +0 buckler
rNeg    . . .      Spirit   .   v - +1 troll leather armour {Pargi}
rPois   .          Reflect  .   (helmet restricted)
rElec   .          Harm     .   n - +0 cloak
rCorr   .          Rampage  .   (gloves unavailable)
Will    ++...      NoTele   +   (boots unavailable)
Stlth   ..........              (no amulet)
HPRegen 1.03/turn               M - ring of willpower
MPRegen 0.17/turn               a - +6 ring of dexterity

@: berserking (expiring), lethally poisoned (0 -> -11), very quick
A: very small, no large weapons, unfitting armour, see invisible, speed 3, dopey
1
a: Renounce Religion, Receive Corpses


You were in a Gauntlet.
You worshipped Kikubaaqudgha.
Kikubaaqudgha was pleased with you.
You visited 3 branches of the dungeon, and saw 12 of its levels.
You also visited: Sewer and Gauntlet.

You collected 830 gold pieces.
You spent 307 gold pieces at shops.

Inventory:

Hand Weapons
 y - a +4 dagger of electrocution (weapon)
   (You took it off an orc wizard on level 4 of the Dungeon)
Missiles
 o - 39 poisoned darts (quivered)
 x - 4 throwing nets {!f}
 D - 5 curare-tipped darts
Armour
 f - a +1 robe of cold resistance
   (You took it off an orc wizard on level 4 of the Dungeon)
 n - a +0 cloak (worn)
   (You took it off Crazy Yiuf on level 4 of the Dungeon)
 t - a +0 buckler (worn)
   (You found it on level 3 of the Dungeon)
 v - a +1 troll leather armour (worn) {Pargi}
   (You found it in a sewer)
Jewellery
 a - a +6 ring of dexterity (right hand)
   (You found it on level 10 of the Dungeon)
 l - a ring of protection from cold
   (You found it on level 2 of the Dungeon)
 M - a ring of willpower (left hand)
   (You found it in a Gauntlet)
Wands
 d - a wand of polymorph (4)
   (You took it off Ijyb on level 4 of the Dungeon)
 q - a wand of flame (23) {@v4}
   (You found it on level 8 of the Dungeon)
 z - a wand of mindburst (13)
   (You found it on level 8 of the Dungeon)
 C - a wand of acid (6) {@v1}
   (You found it on level 6 of the Dungeon)
 I - a wand of paralysis (6)
   (You found it on level 10 of the Dungeon)
Scrolls
 b - 2 scrolls of blinking {@r4}
 g - a scroll of silence
 h - 6 scrolls of teleportation {@r3 !r}
 j - a scroll of fog {!r}
 p - a scroll of acquirement {unknown}
 s - 2 scrolls of magic mapping {@r5 !r}
 B - a scroll of amnesia
 G - a scroll of vulnerability {unknown}
 J - a scroll of brand weapon
 L - a scroll of enchant armour
Potions
 c - a potion of berserk rage
 e - 5 potions of brilliance
 i - a potion of flight
 k - 3 potions of curing {@q1 !q}
 m - 2 potions of cancellation {unknown}
 r - 5 potions of heal wounds {unknown}
 u - 6 potions of haste {unknown}
 w - 2 potions of invisibility {unknown}
 A - 2 potions of attraction {unknown}
 E - 2 potions of mutation
 F - a potion of lignification {unknown}
 K - 2 potions of ambrosia
Miscellaneous
 H - a lightning rod (4/4)
   (You found it on level 10 of the Dungeon)


   Skills:
 - Level 5.0 Fighting
 + Level 5.4 Short Blades
 + Level 8.4 Dodging
 - Level 7.0 Stealth
 - Level 7.2 Shields
 - Level 6.0 Spellcasting
 - Level 10.0 Necromancy
 - Level 4.0 Evocations


You had 9 spell levels left.
You knew the following spells:

 Your Spells              Type           Power      Damage    Failure   Level
a - Pain                  Necr           100%       1d9       1%          1
b - Vampiric Draining     Necr           41%        2d8       1%          3
c - Animate Skeleton      Necr           82%        N/A       1%          1
d - Sublimation of Blood  Necr           41%        N/A       1%          2
e - Corpse Rot            Necr/Air       46%        N/A       4%          2
f - Animate Dead          Necr           20%        N/A       3%          4

Your spell library contained the following spells:

 Spells                   Type           Power      Damage    Failure   Level
 Agony                    Necr           41%        N/A       10%         5
 Conjure Flame            Conj/Fire      5%         6-21      54%         3
 Ignite Poison            Fire/Tmut/Pois 5%         N/A       54%         3
 Sticky Flame             Conj/Fire      5%         2d3       91%         4


Dungeon Overview and Level Annotations

Branches:
Dungeon (10/15)            Temple (1/1) D:4            Lair (1/6) D:8
    Orc (0/2) D:10          Sewer (visited)         Gauntlet (1/1)

Altars:
Ashenzari
Cheibriados
Dithmenos
Elyvilon
Fedhas
Gozag
Hepliaklqana
Kikubaaqudgha
Makhleb
Nemelex Xobeh
Okawaru
Qazlal
Ru
Sif Muna
Trog
Uskayaw
Vehumet
Wu Jian
Xom
Yredelemnul
Zin
The Shining One

Shops:
D:1 !   D:3 *   D:4 :

Annotations:
D:5 Prince Ribbit
D:7 2 transporters, Gilette's ghost, novice DrEE Gauntlet 13 transporters, exclusion: 2 lightning spires


Innate Abilities, Weirdness & Mutations

You are very small and have problems with some larger weapons.
You are too small for most types of armour.
You have supernaturally acute eyesight. (SInv)
You cover ground extremely quickly. (Speed+++)
You are dopey. (Int -2)


Message History

No target in view!
No target in view!
No target in view!
Magic restored.
Partly explored, unvisited transporter.
There is a transporter here.
You enter the transporter and appear at another place.
The green death roars!
There is a transporter here.
There is a transporter here.
The orange demon screeches!
There is a transporter here.
You start waiting.
The raiju stops to sniff the ground.
The raiju pauses to sniff the ground.
The raiju stops to sniff the ground.
The raiju pauses to sniff the ground.
The raiju stops to sniff the ground.
Done waiting.
There is a transporter here.
You enter the transporter and appear at another place.
Really read
j - 2 scrolls of fog {!r}?
As you read the scroll of fog {!r}, it crumbles to dust.
The scroll dissolves into smoke.
Okay, then.
Press: ? - help, v - describe, . - travel
Here: a green death (black smoke)
The floor.
Okay, then.
Okay, then.
Okay, then.
Okay, then.
Okay, then.
A red film seems to cover your vision as you go berserk!
You feel yourself moving faster!
You feel mighty! You block the green death's attack.
You hit the green death.
Lightning courses through the green death!!
The green death is moderately wounded.
The green death completely misses you.
You puncture the green death!
The green death is heavily wounded.
You puncture the green death!
The green death is heavily wounded.
The green death completely misses you. The orange demon stings you from afar.
You are poisoned.
The orange demon poisons you!
You hit the green death.
The green death is heavily wounded.
You feel very sick.
You hit the green death.
The green death is severely wounded.
You feel sick. The green death hits you!! You block the orange demon's attack.
You puncture the green death!
The green death is severely wounded.
You feel sick.
You barely miss the green death.
The green death is severely wounded.
You feel sick. The green death gestures at you. The bolt of poison misses you.
You block the orange demon's attack.
You hit the green death.
The green death is severely wounded.
You feel sick.
You completely miss the green death.
The green death is severely wounded.
You feel sick. The green death closely misses you.
The orange demon closely misses you.
You barely miss the green death.
The green death is severely wounded.
Your troll leather armour prevents you from hitting the green death.
The green death is severely wounded.
You feel sick. The green death gestures at you. The poison arrow hits you!!!
You are more poisoned.
Ouch! That really hurt!
* * * LOW HITPOINT WARNING * * *
The orange demon misses you.
You hit the green death.
The green death is almost dead.
* * * LOW HITPOINT WARNING * * *
You feel very sick. You block the green death's attack.
You puncture the green death!
The green death is almost dead.
* * * LOW HITPOINT WARNING * * *
You feel very sick. The orange demon stings you from afar.
* * * LOW HITPOINT WARNING * * *
You are too berserk!
You puncture the green death!
You kill the green death!
Kikubaaqudgha accepts your kill.
* * * LOW HITPOINT WARNING * * *
You feel sick.
Your Short Blades skill increases to level 5!
Your Dodging skill increases to level 8!
You die...
Kikubaaqudgha rasps: "You have failed me!
Welcome... death!"

.......................§§§#8#
#.###########.###########.###
#.#...$©[(..#.##^#(©.[^##.#
#.#####8#####.#.#?#.##..#.###
#.##.##.##.##.##..####.##.#8#
#.#.........#.##.###^...#.###
#.#.#.##..#.#.########.##.#
#.###.##.##©#.#§#§§#..^.#.###
#.#......#..#.#§@##4##.##.#8#
#.#.##.##.###.#§##§#§.###.###
#.#h##.##h###.##..##§#..#.#
#########################.###
.......©...........©#.....#8#
#######.#############....≈###
#≈≈8≈≈#.#..............####
#######.#..............#8#
......#.#..###############


There were no monsters in sight!

Vanquished Creatures
  A green death (Gauntlet)
  Pikel (D:7)
  A shining eye (Gauntlet)
  A cyclops (D:6)
  A black mamba (Lair:1)
  A centaur zombie (D:10)
  A gargoyle (D:10)
  A troll (D:7)
  2 hornets
  6 slime creatures
  A shadow (D:9)
  2 yaks (D:10)
  A golden eye (Gauntlet)
  Menkaure (D:7)
  A floating eye (Gauntlet)
  3 water moccasins
  5 orc warriors
  2 ice beasts
  Pargi (Sewer)
  A sky beast (D:7)
  4 lemures
  5 centaurs
  2 phantoms
  3 bullfrogs
  3 scorpions
  A wyvern zombie (D:9)
  A water moccasin skeleton (D:6)
  6 killer bees (D:8)
  A bullfrog zombie (D:6)
  3 hounds
  11 orc priests
  Crazy Yiuf (D:4)
  2 gnoll shamans
  Ijyb (D:4)
  2 centaur skeletons
  2 iguanas
  16 orc wizards
  8 ogre zombies (D:10)
  3 howler monkey zombies
  Robin (D:4)
  15 adders
  11 gnolls
  A shadow imp (D:6)
  2 white imps (D:6)
  An adder skeleton (D:4)
  A worm (D:2)
  4 dart slugs
  30 orcs
  5 ball pythons
  8 endoplasms
  4 giant cockroaches
  20 goblins
  9 hobgoblins
  6 jackals (D:3)
  4 quokkas
  9 bats
  6 frilled lizards
  A goblin skeleton (D:10)
  7 goblin zombies (D:10)
  2 hobgoblin zombies (D:10)
  12 kobolds
  An orc skeleton (D:10)
  14 orc zombies (D:10)
  5 rats
  A spectral kobold (D:4)
289 creatures vanquished.

Vanquished Creatures (collateral kills)
  Harold (D:8)
  Erica (D:10)
  An ice devil (Gauntlet)
  2 yaks (D:10)
  A wyvern zombie (D:7)
6 creatures vanquished.

Vanquished Creatures (others)
  A demonic plant (Gauntlet)
  5 fungi
  33 plants
39 creatures vanquished.

Grand Total: 334 creatures vanquished

Notes
Turn   | Place    | Note
-------+----------+-------------------------------------------
     0 | D:1      | EnegeticOcto the Spriggan Necromancer began the quest for
                  | the Orb.
     0 | D:1      | Reached XP level 1. HP: 9/9 MP: 5/5
    89 | D:1      | Reached skill level 3 in Spellcasting
   507 | D:1      | Found Semynel's Distillery.
   604 | D:1      | Reached skill level 4 in Stealth
   604 | D:1      | Reached XP level 2. HP: 6/13 MP: 0/7
  1454 | D:1      | Found a faded altar of an unknown god.
  1477 | D:1      | Reached skill level 4 in Necromancy
  1838 | D:1      | Reached XP level 3. HP: 14/16 MP: 8/8
  1895 | D:2      | Learned a level 1 spell: Animate Skeleton
  1899 | D:2      | Learned a level 3 spell: Vampiric Draining
  2847 | D:1      | Bought a potion of curing for 42 gold pieces
  3162 | D:2      | Reached XP level 4. HP: 16/21 MP: 4/9
  3808 | D:3      | Reached skill level 5 in Necromancy
  3985 | D:3      | Found a glowing silver altar of Zin.
  4001 | D:3      | Reached skill level 3 in Dodging
  4152 | D:3      | Noticed an ice beast
  4182 | D:3      | Killed an ice beast
  4183 | D:3      | Reached skill level 4 in Dodging
  4183 | D:3      | Reached skill level 1 in Fighting
  4183 | D:3      | Reached XP level 5. HP: 12/26 MP: 1/10
  4362 | D:3      | Reached skill level 2 in Fighting
  4453 | D:3      | Found Kewuroh's Assorted Antiques.
  4457 | D:3      | Bought a scroll labelled JELOEKIPIL for 22 gold pieces
  4457 | D:3      | Bought a scroll labelled INEATZ TUTT for 22 gold pieces
  4516 | D:3      | Found a shimmering blue altar of Sif Muna.
  4579 | D:3      | Bought a scroll labelled JELOEKIPIL for 22 gold pieces
  5002 | D:3      | Reached skill level 5 in Dodging
  5166 | D:4      | Reached XP level 6. HP: 27/30 MP: 7/12
  5251 | D:4      | Found a glowing drain.
  5260 | Sewer    | Entered a sewer
  5278 | Sewer    | Noticed Pargi
  5381 | Sewer    | Reached skill level 4 in Spellcasting
  5897 | Sewer    | Killed Pargi
  5898 | Sewer    | Reached skill level 5 in Spellcasting
  6050 | D:4      | Noticed a fire elemental
  6055 | D:4      | Noticed an air elemental
  6057 | D:4      | Found a stormy altar of Qazlal.
  6058 | D:4      | Noticed a water elemental
  6140 | D:4      | Found a staircase to the Ecumenical Temple.
  6146 | Temple   | Entered the Ecumenical Temple
  6380 | D:4      | Found Ceyf's Book Emporium.
  6393 | D:4      | Reached XP level 7. HP: 35/35 MP: 11/15
  6543 | D:4      | Noticed Ijyb
  6560 | D:4      | Killed Ijyb
  6698 | D:4      | Reached skill level 6 in Necromancy
  6963 | D:4      | Noticed Robin
  6983 | D:4      | Killed Robin
  7101 | D:4      | Found a runed translucent door.
  7102 | D:4      | Noticed Crazy Yiuf
  7256 | D:4      | Found a hazy altar of Hepliaklqana.
  7453 | D:4      | Killed Crazy Yiuf
  7512 | D:5      | Entered Level 5 of the Dungeon
  7519 | D:5      | Reached skill level 7 in Necromancy
  7739 | D:5      | Reached XP level 8. HP: 23/39 MP: 9/16
  7926 | D:3      | Bought a scroll labelled RUEDISINUCK for 22 gold pieces
  7926 | D:3      | Bought a bubbling black potion for 19 gold pieces
  7926 | D:3      | Bought a twisted wooden wand for 88 gold pieces
  7997 | D:1      | Bought a potion of brilliance for 56 gold pieces
  7997 | D:1      | Bought a potion of degeneration for 14 gold pieces
  8168 | D:5      | Noticed Prince Ribbit
  8248 | D:5      | Found an ancient bone altar of Kikubaaqudgha.
  8251 | D:5      | Found an opulent altar of Gozag.
  8254 | D:5      | Found a radiant altar of Vehumet.
  8257 | D:5      | Found a shimmering altar of Xom.
  8263 | D:5      | Became a worshipper of Kikubaaqudgha
  8352 | D:5      | Found a basalt altar of Yredelemnul.
  8354 | D:5      | Noticed a profane servitor
  8364 | D:5      | Found a glowing golden altar of the Shining One.
  8366 | D:5      | Noticed an angel
  8757 | D:6      | Reached skill level 8 in Necromancy
  8776 | D:6      | Reached skill level 1 in Evocations
  8791 | D:6      | Noticed a cyclops
  8837 | D:6      | Reached skill level 2 in Evocations
  9018 | D:6      | Reached skill level 3 in Evocations
  9022 | D:6      | Reached skill level 3 in Fighting
  9131 | D:5      | Reached skill level 4 in Evocations
  9306 | D:5      | Reached skill level 4 in Fighting
  9654 | D:6      | Reached * piety under Kikubaaqudgha
  9654 | D:6      | Received a gift from Kikubaaqudgha
  9655 | D:6      | Reached skill level 5 in Stealth
  9660 | D:6      | Learned a level 2 spell: Sublimation of Blood
  9663 | D:6      | Learned a level 2 spell: Corpse Rot
  9668 | D:6      | Learned a level 4 spell: Animate Dead
  9777 | D:6      | Reached skill level 6 in Stealth
 10146 | D:6      | Killed a cyclops
 10147 | D:6      | Reached skill level 7 in Stealth
 10147 | D:6      | Reached XP level 9. HP: 45/45 MP: 6/17
 10457 | D:6      | Found a white marble altar of Elyvilon.
 10642 | D:7      | Noticed Pikel
 10781 | D:7      | Reached skill level 9 in Necromancy
 11033 | D:7      | Killed Pikel
 11034 | D:7      | Reached skill level 10 in Necromancy
 11334 | D:7      | Noticed a troll
 11348 | D:7      | Killed a troll
 11349 | D:7      | Reached skill level 6 in Spellcasting
 11513 | D:7      | Found an iron altar of Okawaru.
 11545 | D:7      | Noticed a queen bee
 11599 | D:7      | Noticed Gilette's ghost (novice DrEE)
 11601 | D:7      | Found a transporter.
 11605 | D:7      | Found a transporter.
 11607 | D:7      | Noticed Menkaure
 11608 | D:7      | Killed Menkaure
 11609 | D:7      | Reached skill level 5 in Fighting
 11609 | D:7      | Reached skill level 1 in Shields
 12272 | D:8      | Noticed Harold
 12680 | D:7      | Reached skill level 2 in Shields
 12680 | D:7      | Reached XP level 10. HP: 50/51 MP: 15/20
 12884 | D:7      | Reached skill level 3 in Shields
 13105 | D:8      | Reached skill level 4 in Shields
 14042 | D:8      | Reached skill level 5 in Shields
 14090 | D:8      | Killed Harold
 14114 | D:8      | Reached skill level 6 in Shields
 14429 | D:8      | Found a staircase to the Lair.
 15209 | D:9      | Reached ** piety under Kikubaaqudgha
 15896 | D:10     | Entered Level 10 of the Dungeon
 15969 | D:9      | Reached skill level 7 in Shields
 16022 | D:10     | Found a staircase to the Orcish Mines.
 16334 | D:10     | Reached skill level 1 in Short Blades
 16455 | D:10     | Reached XP level 11. HP: 53/55 MP: 21/21
 16488 | D:10     | Reached skill level 2 in Short Blades
 16498 | D:10     | Reached skill level 6 in Dodging
 16504 | D:10     | Reached skill level 3 in Short Blades
 16818 | D:10     | Noticed Erica
 17037 | D:10     | Found a sparkling altar of Nemelex Xobeh.
 17184 | D:10     | Killed Erica
 17185 | D:10     | Reached skill level 7 in Dodging
 17398 | Lair:1   | Entered Level 1 of the Lair of Beasts
 17398 | Lair:1   | Found a gate leading to a gauntlet.
 17403 | Lair:1   | Reached skill level 4 in Short Blades
 17409 | Gauntlet | Entered a Gauntlet
 17409 | Gauntlet | Found a transporter.
 17422 | Gauntlet | Found a transporter.
 17423 | Gauntlet | Noticed a shining eye
 17433 | Gauntlet | Found a transporter.
 17438 | Gauntlet | Found a transporter.
 17452 | Gauntlet | Noticed a green death
 17453 | Gauntlet | Found a transporter.
 17478 | Gauntlet | Found a transporter.
 17490 | Gauntlet | Found a transporter.
 17499 | Gauntlet | Noticed a sixfirhy
 17499 | Gauntlet | Noticed a sixfirhy
 17502 | Gauntlet | Found a transporter.
 17508 | Gauntlet | Found a transporter.
 17510 | Gauntlet | Noticed a sixfirhy
 17523 | Gauntlet | Found a transporter.
 17535 | Gauntlet | Found a transporter.
 17552 | Gauntlet | Found a transporter.
 17552 | Gauntlet | Found a transporter.
 17574 | Gauntlet | Found a transporter.
 17574 | Gauntlet | Found a transporter.
 17610 | Gauntlet | Found a transporter.
 17687 | Gauntlet | Found a transporter.
 17740 | Gauntlet | Found a transporter.
 17823 | Gauntlet | Gained mutation: You are dopey. (Int -2) [a shining eye]
 17839 | Gauntlet | Killed a shining eye
 18091 | Gauntlet | HP: 4/82 [orange demon (1)]
 18092 | Gauntlet | Killed a green death
 18093 | Gauntlet | Reached skill level 5 in Short Blades
 18093 | Gauntlet | Reached skill level 8 in Dodging
 18093 | Gauntlet | Succumbed to a green death's poison arrow

Illustrated notes

Levels and vault maps discovered:
D:1:      minmay_arrival_stone_box, layout_loops_ring, serial_shops,
          shop_fountains, shapermc_ecumenical_altar_mp_urbaneastern,
          hangedman_decor_points
D:2:      layout_basic, minmay_misc_feat_chi,
          nicolae_concentric_dashed_squares_wild
D:3:      layout_rooms, overflow_temple_1_default,
          nicolae_sif_muna_condensation, serial_shops, shop,
          minmay_randomly_rotated_circles
D:4:      layout_cave_pools, nicolae_hepliaklqana_monster_ancestors,
          nicolae_qazlal_style_of_elements, minmay_temple_entry_enclosed_plants,
          serial_shops, shop, portal_sewer_entry_d,
          minmay_a_box_with_orc_wizards_in_it, uniq_robin,
          uniq_crazy_yiuf_cottage, uniq_ijyb
D:5:      layout_basic, grunt_temple_overflow_cloverleaf,
          grunt_temple_overflow_holy_war, chequers_serial_rivers_small_a,
          minivault_4, uniq_prince_ribbit1
D:6:      hangedman_cross_stitches, layout_loops_ring,
          nicolae_elyvilon_temple_path
D:7:      layout_basic, kennysheep_okawaru_gauntlet, gammafunk_ghost_hive,
          uniq_menkaure, uniq_pikel
D:8:      layout_basic, lair_entry_dummy, chequers_serial_rivers_micro_a,
          uniq_harold
D:9:      layout_basic
D:10:     layout_roguey, nemelex_xobeh_ov_fountains_minmay, zombieorc2_lemuel,
          uniq_erica
Temple:   jpeg_temple_island
Lair:1:   layout_layer_cave, gauntlet_entry_generic,
          chequers_serial_rivers_marsh, beast_lair_carwin_2,
          lemuel_fruit_fields, uniq_sonja, uniq_nergalle
Gauntlet: gammafunk_gauntlet_one_two_three [gammafunk_gauntlet_arena_split_x,
          gammafunk_gauntlet_arena_split_diamond, gammafunk_gauntlet_arena_grid,
          gammafunk_gauntlet_arena_mazey, gammafunk_gauntlet_arena_crates,
          nicolae_gauntlet_arena_flowing_pool, gammafunk_gauntlet_arena_corners,
          nicolae_gauntlet_swirl, gammafunk_gauntlet_arena_hedges,
          gauntlet_exit_watery]

Skill      XL: |  1  2  3  4  5  6  7  8  9 10 11 |
---------------+----------------------------------+-----
Spellcasting   | 3 5 6 |  6.0
Stealth        | 4 7 |  7.0
Necromancy     | 4 5 7 8 10 | 10.0
Dodging        | 4 5 8 |  8.4
Fighting       | 1 2 4 5 |  5.0
Evocations     | 4 |  4.0
Shields        | 2 7 |  7.2
Short Blades   | 1 5 |  5.4

Action                   |  1- 3 |  4- 6 |  7- 9 | 10-12 || total
-------------------------+-------+-------+-------+-------++-------
Melee: Short sword       |    18 |    37 |       |       ||    55
       Dagger            |       |       |   212 |   315 ||   527
Throw: Dart              |       |    19 |     6 |       ||    25
 Cast: Pain              |    71 |   104 |   182 |    90 ||   447
       Vampiric Draining |       |     1 |    35 |    49 ||    85
       Animate Skeleton  |       |       |     6 |     1 ||     7
       Animate Dead      |       |       |     1 |     5 ||     6
       Corpse Rot        |       |       |     3 |     3 ||     6
Invok: Receive Corpses   |       |       |     7 |    11 ||    18
Evoke: Wand              |       |       |     3 |     3 ||     6
  Use: Scroll            |     2 |     5 |     4 |     8 ||    19
       Potion            |       |       |       |     1 ||     1
 Stab: Sleeping          |     1 |     2 |     2 |     4 ||     9
Armor: Robe              |     1 |     4 |       |       ||     5
       Troll leather arm |       |     1 |    32 |    40 ||    73
       Skin              |       |       |    10 |       ||    10
Dodge: Dodged            |    11 |    41 |   199 |   191 ||   442
Block: Buckler           |       |       |     5 |   114 ||   119

Table legend: (Time is in decaauts)
 A = Elapsed time spent in this place.
 B = Non-inter-level travel time spent in this place.
 C = Inter-level travel time spent in this place.
 D = Time resting spent in this place.
 E = Time spent auto-exploring this place.
 F = Levels seen in this place.
 G = Mean time per level.
                   A        B        C        D        E       F      G
               +--------+--------+--------+--------+--------+-----+--------+
         Total |  14449 |  13868 |    581 |   3446 |   7619 |  14 | 1032.1 |
       Dungeon |  13212 |  12651 |    561 |   2814 |   7358 |  10 | 1321.2 |
        Temple |     49 |     29 |     20 |      0 |     18 |   1 |   49.0 |
          Lair |      7 |      7 |      0 |      0 |      0 |   1 |    7.0 |
         Sewer |    684 |    684 |      0 |    522 |     14 |   1 |  684.0 |
      Gauntlet |    495 |    495 |      0 |    109 |    228 |   1 |  495.0 |
               +--------+--------+--------+--------+--------+-----+--------+

Top non-repeatable levels by time:
     D:6: 1771 daAuts
     D:7: 1726 daAuts
     D:1: 1625 daAuts
     D:2: 1424 daAuts
     D:4: 1283 daAuts
     D:8: 1283 daAuts
     D:3: 1256 daAuts
     D:9: 1075 daAuts
    D:10: 1019 daAuts
     D:5: 747 daAuts
   Sewer: 684 daAuts
Gauntlet: 495 daAuts
  Temple: 49 daAuts
  Lair:1: 7 daAuts
